 Dungeon Crawl Stone Soup version 0.31-a0-574-g69dc8cc98e (webtiles) character file.

Game seed: 13293512632031296402

57 avis the Ducker (level 3, -1/17 HPs)
             Began as a Felid Shapeshifter on Aug 18, 2023.
             Slain by a hobgoblin (2 damage)
             ... on level 3 of the Dungeon.
             The game lasted 00:06:44 (1503 turns).

avis the Ducker (Felid Shapeshifter)                Turns: 1503, Time: 00:06:44

Health: -1/17      AC:  1    Str: 11    XL:     3   Next: 73%
Magic:  4/4        EV: 18    Int:  9    God:
Gold:   109        SH:  0    Dex: 18    Spells: 2/2 levels left
                                        Lives:  0   Deaths: 0

rFire   . .          .
                       - Unarmed
rCold   . . .        (shield unavailable)
rNeg    . . .        (body armour unavailable)
rPois   .            (helmet unavailable)
rElec   .            (cloak unavailable)
rCorr   .            (gloves unavailable)
SInv    +            (boots unavailable)
Will    .....        (no amulet)
Stlth   ++           (no ring)
HPRegen 0.22/turn    (no ring)
MPRegen 0.09/turn

%: no passive effects
@: beast-form, quick
A: beast (slay +2), very small, claws 1, fangs 3, see invisible, speed 1, shaggy
fur 1, stealthy paws, no weapons or thrown items, no armour, multi-lived
a: Begin Untransformation


You were on level 3 of the Dungeon.
You were a hulking beast.
You visited 1 branch of the dungeon, and saw 3 of its levels.

You collected 109 gold pieces.

Inventory:

Jewellery
 h - an amulet of faith
Talismans
 b - a beast talisman (active)
 c - a flux talisman
Scrolls
 d - a scroll of brand weapon {unknown}
 e - 3 scrolls of identify {unknown}
 g - a scroll of teleportation {unknown}
 j - a scroll of enchant weapon {unknown}
 k - 2 scrolls of butterflies {unknown}
Potions
 a - 2 potions of lignification
 f - a potion of ambrosia {unknown}
 i - 2 potions of heal wounds {unknown}
 l - a potion of might {unknown}


   Skills:
 * Level 3.0 Fighting
 + Level 3.8 Dodging
 - Level 3.0 Unarmed Combat
 - Level 3.2 Shapeshifting


You had 2 spell levels left.
You didn't know any spells.
Your spell library was empty.

Dungeon Overview and Level Annotations

Branches:
Dungeon (3/15)

Altars:

Shops:
D:3 [

Annotations:
D:3 Robin


Innate Abilities, Weirdness & Mutations

You are a hulking beast.
Your limbs bulge with bestial killing power. (Slay +2)
You have sharp claws.
You have razor-sharp teeth.
You have supernaturally acute eyesight. (SInv)
You cover ground quickly. (Speed+)
You are covered in fur. (AC +1)
Your paws help you pounce on unaware monsters.
You are incapable of wielding weapons or throwing items.
You cannot wear armour.
You gain extra lives every three experience levels.


Message History

The goblin puts on a burst of speed as it pursues you!
An adder comes into view.
A hobgoblin comes into view.
Found a scroll labelled ESOIME DOMOGH.
The hobgoblin shouts!
Robin throws the goblin at you!
You scratch the goblin. You bite the goblin.
The goblin is severely wounded.
The goblin misses you. The goblin closely misses you.
Robin roars a battlecry!
The goblins go into a battle-frenzy!
You claw the goblin!
You kill the goblin!
The giant cockroach misses you. The goblin hits you but does no damage.
Robin roars a battlecry!
You hear a shout! x2
You scratch the goblin.
The goblin is severely wounded.
The giant cockroach barely misses you. The goblin hits you with a +0 dagger.
The giant cockroach bites you.
You scratch the goblin.
You kill the goblin!
The giant cockroach completely misses you.
The hobgoblin hits you but does no damage.
You see here a +0 dagger.
You scratch the hobgoblin.
The hobgoblin is moderately wounded.
The giant cockroach closely misses you.
You scratch the hobgoblin.
The hobgoblin is heavily wounded.
The hobgoblin hits you. The giant cockroach bites you.
Robin roars a battlecry!
The hobgoblin goes into a battle-frenzy!
You barely miss the hobgoblin.
The hobgoblin is heavily wounded.
The hobgoblin completely misses you. The giant cockroach misses you.
Robin hits you from afar with a +0 spear!
* * * LOW HITPOINT WARNING * * *
The hobgoblin hits you.
You die...

#.# #. . #. . #.
######### .####.
#.~~~~~S~ ..##.
#.####### #.##.
#.......# #.##.
##g).)g..# #....
#.hB.g...######..#.
#?....#........)..).[..
...#####.....###...#.##.
. #.......##........
#####.......#........#
##.............#......#
#...###.....####...B..#
#....#.....## #......#
#......##### #.......


You could see Robin (pursuing), a giant cockroach (pursuing) and 2 hobgoblins.

Vanquished Creatures
  An adder (D:2)
  A dart slug (D:2)
  4 ball pythons
  2 bats
  4 endoplasms
  3 giant cockroaches (D:2)
  5 goblins
  2 hobgoblins
  2 jackals (D:1)
  3 quokkas
  2 frilled lizards
  6 kobolds
  6 rats
41 creatures vanquished.

Notes
Turn   | Place    | Note
-------+----------+-------------------------------------------
     0 | D:1      | avis the Felid Shapeshifter began the quest for the Orb.
     0 | D:1      | Reached XP level 1. HP: 9/9 MP: 2/2
   237 | D:1      | Reached XP level 2. HP: 13/13 MP: 3/3
   662 | D:2      | Identified the +3 whip "Asoany" {flame, rPois Will+ Str+4}
   837 | D:2      | Reached XP level 3. HP: 16/16 MP: 4/4
  1395 | D:3      | Found Hoihyen's Antique Armour Boutique.
  1480 | D:3      | Noticed Robin
  1503 | D:3      | Slain by a hobgoblin

Illustrated notes

Levels and vault maps discovered:
D:1:      noname_arrival_rooms_in_the_neighbourhood, layout_basic
D:2:      layout_rooms, minmay_misc_feat_alley
D:3:      layout_rooms, serial_shops, shop, portal_sewer_entry_d,
          minmay_pentomino_pile, uniq_natasha, uniq_robin,
          uniq_crazy_yiuf_cottage

Skill      XL: |  1  2  3 |
---------------+----------+-----
Dodging        | 3 |  3.8
Fighting       | 2 3 |  3.0
Unarmed Combat | |  3.0
Shapeshifting  | |  3.2

Action                     || total
---------------------------++-------
  Melee: Unarmed           ||    83
         Punch             ||     3
         Bite              ||     5
   Stab: Sleeping          ||     3
 Armour: Skin              ||     5
  Dodge: Dodged            ||    46

Table legend: (Time is in decaauts)
 A = Elapsed time spent in this place.
 B = Non-inter-level travel time spent in this place.
 C = Inter-level travel time spent in this place.
 D = Time resting spent in this place.
 E = Time spent auto-exploring this place.
 F = Levels seen in this place.
 G = Mean time per level.
                   A        B        C        D        E       F      G
               +--------+--------+--------+--------+--------+-----+--------+
         Total |   1252 |   1036 |    216 |     89 |    616 |   3 |  417.3 |
       Dungeon |   1252 |   1036 |    216 |     89 |    616 |   3 |  417.3 |
               +--------+--------+--------+--------+--------+-----+--------+

Top non-repeatable levels by time:
     D:2: 634 daAuts
     D:1: 545 daAuts
     D:3: 72 daAuts
